 Dungeon Crawl Stone Soup version 0.16-a0-3855-gd2600ac (console) character file.

47 MrRokkomies the Skirmisher (level 3, -4/39 HPs)
             Began as an Ogre Warper on Jan 31, 2015.
             Slain by a gnoll
             ... wielding a +0 flail
              (14 damage)
             ... on level 1 of the Dungeon.
             The game lasted 00:02:46 (1003 turns).

MrRokkomies the Skirmisher (Ogre Warper)            Turns: 1003, Time: 00:02:47

Health: -4/39      AC:  4    Str: 16    XL:     3   Next: 70%
Magic:  1/6        EV: 10    Int: 12    God:
Gold:   48         SH:  0    Dex: 10    Spells: 3 memorised, 1 level left

rFire  . . .     SeeInvis .     a - +0 mace
rCold  . . .     Clarity  .     b - +1 robe
rNeg   . . .     SustAb   .     (shield restricted)
rPois  .         Gourm    .     (helmet restricted)
rElec  .         Spirit   .     (no cloak)
rCorr  .         Warding  .     (gloves unavailable)
rMut   .         Stasis   .     (boots unavailable)
MR     .....                    (no amulet)
Stlth  +.........               (no ring)
                                (no ring)

@: not resistant to hostile enchantments, very unstealthy
A: unfitting armour, tough skin 1
a: no special abilities


You were on level 1 of the Dungeon.
You were hungry.

You visited 1 branch of the dungeon, and saw 2 of its levels.

You collected 48 gold pieces.

Inventory:

Hand weapons
 a - a +0 mace (weapon)
Missiles
 e - 5 tomahawks of dispersal
 l - 4 stones (quivered)
Armour
 b - a +1 robe (worn)
Jewellery
 h - an uncursed ring of fire
 i - an uncursed ring of fire
Scrolls
 d - 2 scrolls of blinking
Potions
 n - a potion of curing
Books
 c - a book of Spatial Translocations

   Spells                             Type                      Level
   a - Apportation                    Translocation                1
   b - Blink                          Translocation                2
   c - Shroud of Golubria             Charms/Translocation         2
   d - Portal Projectile              Translocation                3
   e - Teleport Other                 Translocation                3
   f - Passage of Golubria            Translocation                4
Comestibles
 f - 4 meat rations
 g - a slice of pizza


   Skills:
 * Level 4.0 Fighting
 * Level 3.8 Maces & Flails
 - Level 1.1 Throwing
 - Level 0.7 Armour
 - Level 1.7 Dodging
 - Level 2.4 Spellcasting
 + Level 2.3 Translocations


You had one spell level left.
You knew the following spells:

 Your Spells              Type           Power        Failure   Level  Hunger
a - Apportation           Tloc           #.........   12%         1    ##.....
b - Blink                 Tloc           N/A          17%         2    ###....
c - Shroud of Golubria    Chrm/Tloc      #.........   28%         2    ###....


Dungeon Overview and Level Annotations

Branches:
Dungeon (2/15)

Altars:


Innate Abilities, Weirdness & Mutations

You are too large for most types of armour.
You have tough skin (AC +1).


Message History

The gnoll is lightly wounded.
Your shroud bends the gnoll's attack away.
You sock the gnoll!
The gnoll is heavily wounded.
The gnoll hits you but does no damage.
You thump the gnoll!
You kill the gnoll!
Your Fighting skill increases to level 4!
You closely miss the gnoll.
Your shroud begins to fray at the edges.
Your shroud bends the gnoll's attack away!
You barely miss the gnoll. The gnoll hits you but does no damage.
You barely miss the gnoll. The gnoll barely misses you.
You barely miss the gnoll. The gnoll hits you with a flail.
* * * LOW HITPOINT WARNING * * *
Your shroud falls apart!
You are too injured to fight recklessly!
You are too injured to fight recklessly!
You barely miss the gnoll. The gnoll hits you with a flail!
You die...

...........#.....## ##..
#####.#####.....## ###
.###...###.......########## #
..#.....#.................#######
...#####.....##..........#.......
....###.....#....................
.....#.....##.#..................
#.........###.##'########....#...
.########## #.##@# #....#... .#
###+##g#### ##....#... .#
#.........# #...###... .#
#......(..# #...# #... .#
#.........# #...# #... .######
#.........# #...# #### ......#
#......)..####...# ......#
#....†.).(.......# ......#
#####'##>##........# #


You could see a gnoll.

Vanquished Creatures
  2 gnolls
  A giant gecko (D:1)
  2 giant cockroaches (D:1)
  3 hobgoblins (D:1)
  2 bats (D:1)
  5 goblins (D:1)
  4 kobolds (D:1)
  6 rats
25 creatures vanquished.

Notes
Turn   | Place    | Note
--------------------------------------------------------------
     0 | D:1      | MrRokkomies, the Ogre Warper, began the quest for the Orb.
     0 | D:1      | Reached XP level 1. HP: 22/22 MP: 3/3
   126 | D:1      | Reached skill level 3 in Maces & Flails
   254 | D:1      | Reached XP level 2. HP: 29/31 MP: 5/5
   259 | D:1      | Learned a level 2 spell: Blink
   262 | D:1      | Learned a level 2 spell: Shroud of Golubria
   893 | D:2      | Reached XP level 3. HP: 36/39 MP: 6/6
   998 | D:1      | Reached skill level 4 in Fighting
  1003 | D:1      | Slain by a gnoll

Action                   || total
-------------------------++-------
Melee: Mace              ||    75
Throw: Stone             ||     2
 Cast: Blink             ||     2
       Shroud of Golubri ||     2
  Use: Scroll            ||     3
